AoeStats
← monk

Arabia

510053225Analyzed
1v1 RM · 3d ago on Sep 29, 2026· 39m 24s· 2 players
Game mode
Random Map
Map size
Tiny (2 player)
Population
200
Speed
Normal
Resources
Standard
Victory
Conquest
Starting age
Dark Age
Ending age
Imperial Age
RankedLock teamsTeams togetherTeam positionsShared explorationLock speedFull tech treeHidden civsTurbo modeCheats
Victory
Defeat
🇪🇸 Armenians · Spain
1059
+19
🇿🇦 Mongols · South Africa
1130
-19
monk
6:53 Loom
9:18 Feudal Age
9:42 Man-at-Arms
10:40 Arson
12:24 Long Swordsman
21:16 Scale Mail Armor
21:55 Forging
29:13 Castle Age
29:49 Wheelbarrow
29:17 Gold Mining
29:17 Two-Handed Swordsman
29:45 Gambesons
30:02 Squires
30:20 Chain Mail Armor
32:40 Iron Casting
32:56 Fletching
34:56 Padded Archer Armor
35:38 Horse Collar
35:46 Double-Bit Axe
35:37 Elite Skirmisher
37:09 Bodkin Arrow
38:10 Leather Archer Armor
Ny9t
8:34 Feudal Age
8:31 Loom
16:01 Scale Barding Armor
21:00 Castle Age
24:36 Fletching
33:37 Bodkin Arrow
35:34 Wheelbarrow
35:33 Double-Bit Axe
36:40 Gold Mining
37:07 Padded Archer Armor
Connection lost

Rejoining the realm…

Still unreachable

The connection could not be restored.

Session expired

The server has moved on; the page needs a fresh start.